AoeStats
← TIMVP

Lombardia

509956169Analyzed
2v2 RM · 3d ago on Sep 28, 2026· 82m 19s· 4 players
Game mode
Random Map
Map size
Medium (4 player)
Population
200
Speed
Normal
Resources
Standard
Victory
Conquest
Starting age
Dark Age
Ending age
Imperial Age
RankedLock teamsTeams togetherTeam positionsShared explorationLock speedFull tech treeHidden civsTurbo modeCheats
Victory
Defeat
🇫🇷 Celts · France
791
+16
🇫🇷 Mongols · France
778
+17
🇵🇪 Hindustanis · Peru
809
-17
🇵🇪 Poles · Peru
789
-16
Romain Le Conquérant
2:14 Loom
12:44 Feudal Age
13:12 Horse Collar
13:25 Double-Bit Axe
16:26 Gold Mining
16:26 Stone Mining
20:35 Castle Age
18:58 Town Watch
21:00 Wheelbarrow
20:28 Padded Archer Armor
20:36 Scale Barding Armor
23:21 Stone Shaft Mining
24:49 Husbandry
25:52 Bow Saw
26:10 Scale Mail Armor
27:19 Heavy Plow
27:57 Gold Shaft Mining
33:29 Imperial Age
33:40 Ballistics
35:01 Caravan
35:56 Forging
37:45 Capped Ram
39:20 Chain Mail Armor
39:41 Iron Casting
39:12 Cavalier
44:21 Elite Woad Raider
47:26 Chemistry
46:12 Arrowslits
49:14 Hand Cart
48:59 Town Patrol
49:29 Paladin
52:54 Chain Barding Armor
53:04 Plate Mail Armor
53:35 Blast Furnace
53:31 Guilds
52:55 Siege Ram
53:22 Onager
62:07 Siege Onager
76:19 Furor Celtica
76:00 Stronghold
75:46 Siege Ram
Roubiz
10:18 Feudal Age
12:54 Double-Bit Axe
12:52 Horse Collar
21:28 Castle Age
19:41 Loom
20:24 Gold Mining
20:27 Stone Mining
21:30 Scale Barding Armor
22:54 Bow Saw
22:46 Heavy Plow
31:02 Man-at-Arms
32:33 Wheelbarrow
34:03 Gold Shaft Mining
34:08 Stone Shaft Mining
35:17 Hand Cart
36:05 Caravan
36:12 Town Watch
41:18 Imperial Age
41:40 Elite Steppe Lancer
41:45 Heavy Camel Rider
44:14 Chemistry
43:35 Ballistics
45:34 Elite Mangudai
52:50 Fletching
53:01 Padded Archer Armor
53:02 Scale Mail Armor
53:13 Forging
53:24 Chain Barding Armor
53:11 Padded Archer Armor
55:44 Pikeman
57:45 Iron Casting
57:11 Scale Mail Armor
57:06 Bodkin Arrow
57:30 Leather Archer Armor
60:18 Long Swordsman
62:32 Two-Handed Swordsman
A†ilA
12:44 Feudal Age
15:23 Wheelbarrow
17:34 Castle Age
17:42 Double-Bit Axe
19:08 Hand Cart
19:14 Stone Mining
21:34 Horse Collar
24:57 Heavy Plow
25:10 Bow Saw
26:18 Bloodlines
26:10 Husbandry
32:08 Light Cavalry
36:26 Imperial Age
35:30 Thumb Ring
39:10 Forging
38:53 Fletching
39:04 Padded Archer Armor
39:08 Scale Mail Armor
39:53 Conscription
40:04 Lechitic Legacy
42:47 Scale Barding Armor
49:10 Winged Hussar
54:04 Chemistry
53:25 Ballistics
54:16 Iron Casting
54:01 Chain Barding Armor
57:08 Crop Rotation
58:57 Heavy Mounted Crossbowman
61:34 Caravan
78:38 Blast Furnace
TIMVP
4:06 Loom
11:53 Feudal Age
12:29 Double-Bit Axe
13:33 Wheelbarrow
13:53 Horse Collar
15:29 Gold Mining
20:24 Castle Age
21:15 Bow Saw
23:01 Heavy Plow
24:02 Gold Shaft Mining
27:45 Scale Mail Armor
28:35 Squires
31:50 Pikeman
37:30 Imperial Age
35:53 Chain Mail Armor
36:26 Grand Trunk Road
39:09 Forging
39:05 Scale Barding Armor
44:02 Siege Elephant
45:20 Elite Ghulam
49:57 Iron Casting
56:41 Blast Furnace
57:41 Conscription
62:31 Ballistics
71:23 Arson
79:34 Man-at-Arms
Connection lost

Rejoining the realm…

Still unreachable

The connection could not be restored.

Session expired

The server has moved on; the page needs a fresh start.